Map: Terraform LE (Void)

Players

HuK - Winner!

  • Race: Protoss Protoss
  • League: Platinum

Cereal

  • Race: Zerg Zerg
  • League: Master

VOD

https://www.youtube.com/watch?v=Gm3KABvK2lk

Description

Time

  • Played on: Aug. 24, 2015, 4:25 p.m.
  • Length: 9:28
Show
View Real Time Build Order
Export as new Build Order

HuK Protoss - Winner!

Build Orders: 1 Gate Expand 

Get SALT Encoding   

  12  0:00  Probe  
  13  0:14  Pylon  
  13  0:18  Probe  
  14  0:30  Probe  
  14  0:34  Gateway  
  15  0:41  Assimilator  
  15  0:42  Probe  
  16  0:54  Probe  
  17  1:06  Probe  
  18  1:18  Probe  
  19  1:25  Nexus  
  19  1:36  Cybernetics Core  
  19  1:39  Probe  
  20  1:46  Pylon  
  20  1:51  Probe  
  21  2:01  Warp Gate  
  21  2:02  Assimilator  
  21  2:03  Probe  
  22  2:15  Probe, Adept  
  25  2:29  Probe  
  26  2:31  Gateway  
  26  2:35  Gateway  
  26  2:43  Mothership Core  
  27  2:44  Probe  
  28  2:57  Probe  
  29  3:00  Adept  
  29  3:04  Probe  
  32  3:09  Probe  
  33  3:16  Probe  
  34  3:21  Probe, Pylon  
  34  3:25  Robotics Facility  
  35  3:28  Probe  
  35  3:33  Probe  
  37  3:48  Probe  
  37  3:53  Probe  
  39  4:01  Probe  
  38  4:03  Adept  
  38  4:04  Adept x2  
  38  4:05  Probe  
  45  4:11  Warp Prism  
  45  4:13  Probe  
  45  4:14  Pylon  
  48  4:17  Probe  
  49  4:25  Probe  
  49  4:29  Probe  
  51  4:34  Adept  
  51  4:35  Adept x2  
  51  4:37  Probe  
  58  4:40  Gateway  
  58  4:41  Probe  
  58  4:42  Gateway  
  58  4:52  Probe  
  58  4:54  Assimilator  
  58  4:55  Assimilator  
  58  4:59  Forge  
  56  5:06  Probe x2  
  58  5:09  Pylon  
  58  5:10  Adept x2  
  62  5:31  Adept  
  62  5:32  Adept x2  
  62  5:35  Protoss Ground Weapons Level 1  
  62  5:50  Adept x2  
  62  5:52  Adept x2  
  66  6:06  Pylon x3  
  64  6:12  Adept x4  
  64  6:18  Adept  
  66  6:34  Immortal  
  66  6:38  Twilight Council  
  70  6:41  Photon Cannon  
  70  6:43  Photon Cannon x2  
  70  6:44  Pylon  
  58  7:09  Adept x5  
  68  7:27  Immortal  
  72  7:36  Adept x4  
  80  7:38  Adept  
  82  7:57  Adept x4  
  90  7:59  Adept  
  90  8:02  Pylon  
  90  8:03  Pylon  
  90  8:04  Pylon  
  84  8:12  Shield Upgrade  
  78  8:16  Immortal  
  78  8:18  Pylon x2  
  78  8:23  Adept x2  
  78  8:24  Adept  
  78  8:25  Adept  
  78  8:26  Adept  
  88  8:31  Pylon  
  80  8:42  Nexus  
  78  9:00  Adept  
  78  9:01  Adept x3  
  78  9:02  Adept  
  86  9:05  Dark Shrine  
  87  9:27  Adept x2  
  87  9:28  Adept x2  
Show
View Real Time Build Order
Export as new Build Order

Cereal Zerg 

Build Orders: Pool First 

Get SALT Encoding   

  12  0:01  Drone  
  13  0:13  Overlord  
  13  0:20  Drone  
  14  0:31  Drone  
  14  0:32  Drone  
  16  0:35  Drone  
  17  0:46  Spawning Pool  
  17  0:50  Drone  
  17  0:56  Drone  
  18  1:16  Hatchery  
  17  1:21  Drone x2  
  19  1:35  Queen  
  19  1:38  Zergling x2  
  22  1:45  Overlord  
  22  2:06  Drone x2  
  24  2:11  Queen  
  26  2:21  Drone  
  27  2:24  Drone  
  27  2:28  Drone  
  29  2:34  Queen  
  29  2:35  Overlord  
  31  2:39  Drone  
  31  2:41  Hatchery  
  31  2:43  Drone  
  31  3:04  Drone  
  31  3:05  Drone x4  
  36  3:11  Queen  
  38  3:19  Drone x6  
  44  3:27  Overlord  
  44  3:43  Drone x2, Extractor  
  44  3:45  Roach Warren, Extractor  
  44  3:48  Drone x3  
  44  3:52  Drone x3  
  44  3:53  Drone  
  44  3:54  Drone  
  48  4:02  Queen  
  48  4:04  Drone x3  
  50  4:12  Drone x2  
  50  4:13  Drone  
  50  4:16  Drone x2  
  53  4:22  Drone x2  
  55  4:26  Extractor  
  55  4:31  Lair  
  54  4:32  Drone x3  
  56  4:40  Drone  
  56  4:41  Drone x2  
  55  4:55  Drone x3  
  55  4:57  Overlord x2  
  58  5:04  Evolution Chamber, Drone x3  
  58  5:07  Evolution Chamber  
  58  5:10  Overlord x2  
  57  5:16  Extractor  
  57  5:17  Extractor  
  55  5:24  Drone x2  
  55  5:25  Drone x4  
  55  5:26  Queen  
  62  5:34  Roach  
  62  5:35  Roach x6  
  71  5:38  Extractor  
  71  5:39  Extractor  
  66  5:46  Drone  
  66  5:47  Drone x2  
  69  5:55  Roach  
  69  5:56  Roach  
  69  5:58  Glial Reconstitution  
  69  6:01  Drone  
  69  6:02  Drone x2  
  64  6:20  Zergling x2  
  64  6:21  Zergling x12  
  60  6:31  Drone x3  
  60  6:32  Drone  
  64  6:47  Drone  
  64  6:48  Drone x6  
  70  6:58  Drone x3  
  64  7:11  Roach x3  
  66  7:20  Drone x5  
  71  7:26  Drone x2  
  64  7:30  Drone  
  64  7:34  Drone  
  64  7:35  Queen  
  64  7:36  Queen  
  60  7:40  Drone  
  60  7:43  Drone  
  60  7:46  Drone  
  60  7:50  Roach  
  51  8:00  Drone  
  51  8:01  Drone x2  
  48  8:05  Drone  
  48  8:08  Drone x2  
  48  8:31  Roach x5  
  42  8:43  Drone  
  40  8:51  Drone  
  40  8:56  Drone x2  
  37  9:03  Drone  
Tags
 
Add a new tag
Caveats
  • Supply blocks, unpowered buildings, or Contaminate may cause inaccurate times.
  • Supply counts are checked every 10 seconds.